 Dungeon Crawl Stone Soup version 0.28.0-1-gb440e238dd (webtiles) character file.

Game seed: 5076455403335111803

700 beardedkeet the Grasshopper (level 7, -7/33 HPs)
             Began as a Spriggan Warper on Feb 20, 2022.
             Was a Follower of Okawaru.
             Shot with an arrow by a centaur (8 damage)
             ... on level 5 of the Dungeon.
             The game lasted 00:48:34 (9783 turns).

beardedkeet the Grasshopper (Spriggan Warper)       Turns: 9783, Time: 00:48:34

Health: -7/33      AC:  9    Str:  7    XL:     7   Next: 38%
Magic:  12/12      EV: 12    Int: 16    God:    Okawaru [*.....]
Gold:   258        SH:  0    Dex: 15    Spells: 9/11 levels left

rFire   + + .      SeeInvis +   a - +0 hunting sling
rCold   x . .      Faith    .   (no shield)
rNeg    . . .      Spirit   .   f - +1 fire dragon scales
rPois   .          Reflect  .   (helmet restricted)
rElec   .          Harm     .   (no cloak)
rCorr   .          Rampage  .   (gloves unavailable)
Will    +....                   (boots unavailable)
Stlth   ..........              (no amulet)
HPRegen 0.11/turn               (no ring)
MPRegen 0.13/turn               (no ring)

@: very quick
A: very small, no large weapons, unfitting armour, see invisible, speed 3
a: Renounce Religion, Heroism


You were on level 5 of the Dungeon.
You worshipped Okawaru.
Okawaru was aware of your devotion.
You visited 2 branches of the dungeon, and saw 7 of its levels.

You collected 258 gold pieces.

Inventory:

Hand Weapons
 a - a +0 hunting sling (weapon)
 b - a +0 dagger
Missiles
 d - 4 boomerangs of dispersal
 g - 60 stones (quivered ammo)
 j - 5 boomerangs
 p - a throwing net
 q - 2 poisoned darts
Armour
 f - +1 fire dragon scales (worn)
Wands
 n - a wand of iceblast (11)
Scrolls
 i - a scroll of teleportation
 k - 2 scrolls of silence
 m - a scroll of magic mapping
Potions
 c - a potion of brilliance
 e - a potion of resistance
 h - 2 potions of ambrosia
 l - a potion of curing
 r - a potion of invisibility {unknown}
 s - a potion of heal wounds {unknown}


   Skills:
 - Level 1.6 Fighting
 - Level 2.3 Short Blades
 - Level 7.0 Slings
 - Level 1.1(3.7) Throwing
 - Level 1.8 Armour
 + Level 4.5 Dodging
 - Level 2.7 Spellcasting
 - Level 7.0 Translocations


You had 9 spell levels left.
You knew the following spells:

 Your Spells              Type           Power      Damage    Failure   Level
a - Blink                 Tloc           48%        N/A       32%         2

Your spell library contained the following spells:

 Spells                   Type           Power      Damage    Failure   Level
 Gell's Gravitas          Tloc           24%        N/A       54%         3
 Lesser Beckoning         Tloc           24%        N/A       54%         3
 Teleport Other           Tloc           24%        N/A       54%         3
 Manifold Assault         Tloc           24%        N/A       99%         5
 Ignite Poison            Fire/Tmut/Pois 2%         N/A       100%        3
 Mephitic Cloud           Conj/Pois/Air  2%         N/A       100%        3
 Freezing Cloud           Conj/Ice/Air   1%         6-21      100%        5


Dungeon Overview and Level Annotations

Branches:
Dungeon (6/15)             Temple (1/1) D:4

Altars:
Dithmenos
Elyvilon
Fedhas
Kikubaaqudgha
Makhleb
Nemelex Xobeh
Okawaru
Qazlal
Ru
Sif Muna
Trog
Vehumet
Xom
Zin
The Shining One

Annotations:
D:4 1 runed translucent door, Crazy Yiuf
D:5 2 transporters, Edmund; tygarin's ghost, novice TrMo


Innate Abilities, Weirdness & Mutations

You are very small and have problems with some larger weapons.
You are too small for most types of armour.
You have supernaturally acute eyesight. (SInv)
You cover ground extremely quickly. (Speed+++)


Message History

You are no longer glowing.
Fire: 61 stones
Press: ? - help, Q - select action, (/) - cycle Shift-Dir - straight line, f/p - hound
Aim: a hound (almost dead, 51% to hit)
You shoot a stone. The stone hits the hound.
You kill the hound!
Okawaru accepts your kill.
Fire: 60 stones
Press: ? - help, Q - select action, (/) - cycle Shift-Dir - straight line, f - hound
Aim: a hound (51% to hit)
You shoot a stone. The stone hits the hound.
The hound is moderately wounded.
Unknown command.
The hound closely misses you.
Fire: 59 stones
Press: ? - help, Q - select action, (/) - cycle Shift-Dir - straight line, f/p - hound
Aim: a hound (moderately wounded, 51% to hit)
You shoot a stone.
The stone hits the hound but does no damage.
The hound is moderately wounded.
The hound misses you.
Things that are here:
2 stones; a hound corpse
g - 60 stones (gained 2)
The hound misses you.
A howler monkey skeleton and an ufetubus come into view.
Found a potion of curing.
The ufetubus shouts!
A hound comes into view.
There is a stone staircase leading up here.
You climb upwards.
You hear the hiss of flowing sand.
There is an entrance to an ossuary on this level.
Hurry and find it before the portal is buried!
Level annotation: 2 transporters, Edmund; tygarin's ghost, novice TrMo You hear the brisk hiss of a very distant avalanche of sand.
The centaur shouts!
The centaur shoots an arrow.
The arrow hits you!
* * * LOW HITPOINT WARNING * * *
The centaur shoots an arrow.
The arrow hits you!
You die...

### #.# #######.# #.O...O(#
#.#####.# #.# #.#
########### #.#####.#####
###.........###.##(.(.(.(.#
.('.........'c..@#.##.###.#
###.........###..#O#(.O§#(#
#....!....###.(#(#.##.#O#
#######........#.####O#(#
#.######.#..((..#O# #.#
#.########(# #.# #....# #(#
... #.##. #.# ...
#....#####(#


You could see a centaur.

Vanquished Creatures
  2 ogres (D:4)
  2 howler monkeys (D:4)
  A jelly (D:5)
  3 hounds
  2 orc wizards (D:4)
  A hound skeleton (D:4)
  5 adders
  11 gnolls (D:4)
  An ufetubus (D:4)
  A worm (D:2)
  A dart slug (D:1)
  24 orcs
  7 endoplasms
  A giant cockroach (D:2)
  6 goblins
  7 hobgoblins
  17 jackals
  A quokka (D:1)
  2 ball pythons (D:1)
  3 bats
  A frilled lizard (D:3)
  3 kobolds
  13 rats
115 creatures vanquished.

Vanquished Creatures (others)
  A fungus (D:4)
  A plant (D:4)
2 creatures vanquished.

Grand Total: 117 creatures vanquished

Notes
Turn   | Place    | Note
-------+----------+-------------------------------------------
     0 | D:1      | beardedkeet the Spriggan Warper began the quest for the
                  | Orb.
     0 | D:1      | Reached XP level 1. HP: 10/10 MP: 5/5
   233 | D:1      | Reached XP level 2. HP: 13/14 MP: 6/6
   438 | D:1      | Reached skill level 5 in Translocations
   983 | D:1      | Reached skill level 1 in Armour
  1105 | D:1      | Reached XP level 3. HP: 18/18 MP: 8/8
  1571 | D:2      | Found a shadowy altar of Dithmenos.
  2818 | D:2      | Found a faded altar of an unknown god.
  3520 | D:3      | Found a sacrificial altar of Ru.
  3782 | D:2      | Reached XP level 4. HP: 17/22 MP: 9/9
  4119 | D:2      | Reached skill level 1 in Slings
  4824 | D:3      | Found a glowing golden altar of the Shining One.
  5763 | D:4      | Found a staircase to the Ecumenical Temple.
  5807 | D:4      | Noticed an ogre
  5860 | D:4      | Killed an ogre
  5861 | D:4      | Reached XP level 5. HP: 25/25 MP: 10/10
  5935 | Temple   | Entered the Ecumenical Temple
  5980 | Temple   | Became a worshipper of Warmaster Okawaru
  6153 | D:4      | Found a runed translucent door.
  6154 | D:4      | Noticed Crazy Yiuf
  7394 | D:4      | Reached XP level 6. HP: 30/30 MP: 11/11
  7645 | D:4      | Reached skill level 5 in Slings
  7829 | D:4      | Reached * piety under Okawaru
  8049 | D:4      | Reached XP level 7. HP: 33/33 MP: 12/12
  8745 | D:4      | Found a glowing silver altar of Zin.
  8890 | D:4      | Found a shadowy altar of Dithmenos.
  8890 | D:4      | Found a sparkling altar of Nemelex Xobeh.
  9232 | D:5      | Entered Level 5 of the Dungeon
  9238 | D:5      | Noticed tygarin's ghost (novice TrMo)
  9250 | D:5      | Found a transporter.
  9321 | D:5      | Found a transporter.
  9689 | D:4      | Learned a level 2 spell: Blink
  9700 | D:5      | Noticed Edmund
  9783 | D:5      | HP: 1/33 [centaur/arrow (10)]
  9783 | D:5      | Shot with an arrow by a centaur

Illustrated notes

Levels and vault maps discovered:
D:1:      dpeg_arrival_line_fractal, layout_loops_ring, minmay_rat_gold_closets
D:2:      layout_rooms, basic_altar, shapermc_ecumenical_altar_pompeii,
          serial_park_tiny_pond
D:3:      layout_loops_corners, mainiacjoe_overflow_six_doors_small,
          nicolae_tso_carved_into_rock
D:4:      lemuel_castle_with_subvaults [lemuel_castle_interior_carwin_2],
          layout_loops_ring, gammafunk_temple_overflow_elements,
          amcnicky_altar_gilded, minmay_temple_entry_crystal_x,
          nicolae_figureground_pulse, uniq_crazy_yiuf_cottage
D:5:      layout_basic, kennysheep_mini_moat, nicolae_ossuary_entry_monument,
          gammafunk_ghost_stat_death, nrook_uturn, amcnicky_mini_pool_medium,
          uniq_edmund, uniq_pikel
D:6:      nicolae_cairo_tiling_large_dashed, layout_cave_pools,
          eat_drink_and_be_merry_uskayaw, portal_sewer_entry_b
Temple:   jpeg_temple_alley_garden

Skill      XL: |  1  2  3  4  5  6  7 |
---------------+----------------------+-----
Translocations | 5 6 7 |  7.0
Armour         | 1 |  1.8
Slings         | 2 3 6 7 |  7.0
Dodging        | 4 |  4.5
Fighting       | |  1.6
Short Blades   | |  2.3
Throwing       | |  1.1
Spellcasting   | |  2.7

Action                   |  1- 3 |  4- 6 |  7- 9 || total
-------------------------+-------+-------+-------++-------
Melee: Short sword       |   125 |       |       ||   125
       Punch             |     2 |     3 |       ||     5
       Dagger            |   109 |    87 |       ||   196
 Fire: Hunting sling     |    12 |   407 |   158 ||   577
Throw: Stone             |    32 |       |       ||    32
       Boomerang         |     3 |       |       ||     3
  Use: Scroll            |     8 |     4 |     4 ||    16
       Potion            |     1 |       |       ||     1
 Stab: Sleeping          |     1 |       |       ||     1
Armor: Robe              |     4 |       |       ||     4
       Fire dragon scale |    70 |    74 |    29 ||   173
Dodge: Dodged            |   117 |    97 |    38 ||   252
